 Dungeon Crawl Stone Soup version 0.26.0-45-g9c1d065592 (webtiles) character file.

Game seed: 1497962867552445870

(classic levelgen) 44 thiole the Stinger (level 3, -4/23 HPs)
             Began as an Octopode Venom Mage on Jan 31, 2021.
             Slain by a gnoll
             ... wielding a +0 halberd
              (15 damage)
             ... on level 2 of the Dungeon.
             The game lasted 00:01:30 (1629 turns).

thiole the Stinger (Octopode Venom Mage)            Turns: 1629, Time: 00:01:31

Health: -4/23      AC:  1    Str:  7    XL:     3   Next: 60%
Magic:  6/6        EV: 12    Int: 18    God:
Gold:   104        SH:  3    Dex: 12    Spells: 5/6 levels left

rFire    . . .     SeeInvis .   (no weapon)
rCold    . . .     Faith    .   g - +0 buckler
rNeg     . . .     Spirit   .   (helmet restricted)
rPois    .         Reflect  .   (no amulet)
rElec    .         Harm     .   (no ring)
rCorr    .         Rampage  .   (no ring)
Will     .....                  (no ring)
Stlth    +++.......             (no ring)
HPRegen  0.07/turn              (no ring)
MPRegen  0.10/turn              (no ring)
                                (no ring)
                                (no ring)

@: no status effects
A: almost no armour, stealthy swim, amphibious, 8 rings, constrict 8, camouflage
1, gelatinous body 1
a: no special abilities


You were on level 2 of the Dungeon.
You visited 1 branch of the dungeon, and saw 3 of its levels.

You collected 104 gold pieces.

Inventory:

Armour
 g - a +0 buckler (worn)
Jewellery
 h - an uncursed amulet of guardian spirit {unknown}
Scrolls
 a - a scroll of fear {unknown}
 b - a scroll of teleportation {unknown}
 d - 3 scrolls of identify {unknown}
 f - a scroll of enchant armour {unknown}
Potions
 c - a potion of brilliance {unknown}
 e - a potion of ambrosia {unknown}


   Skills:
 * Level 1.2 Fighting
 - Level 2.0 Dodging
 - Level 2.6 Stealth
 + Level 0.5 Shields
 - Level 2.0 Spellcasting
 - Level 1.0 Transmutations
 - Level 5.0 Poison Magic


You had 5 spell levels left.
You knew the following spells:

 Your Spells              Type           Power        Failure   Level
a - Sting                 Tmut/Pois      48%          9%          1

Your spell library contained the following spells:

 Spells                   Type           Power        Failure   Level
 Poisonous Vapours        Pois/Air       20%          16%         2
 Olgreb's Toxic Radiance  Pois           19%          34%         4
 Ignite Poison            Fire/Tmut/Pois 9%           36%         3
 Mephitic Cloud           Conj/Pois/Air  7%           41%         3


Dungeon Overview and Level Annotations

Branches:
Dungeon (3/15)

Altars:
Trog
The Shining One


Innate Abilities, Weirdness & Mutations

You cannot wear most types of armour.
You are very stealthy in the water. (Stealth+)
You are amphibious.
You can wear up to eight rings at the same time.
You can use your tentacles to constrict eight enemies at once.
Your skin changes colour to match your surroundings (Stealth+).
Your rubbery body absorbs attacks. (AC +1, EV +1)


Message History

Aiming: Sting (safe; 9% risk of failure)
Press: ? - help, Shift-Dir - straight line, f/p - rat
Aim: a rat (29% to evade)
The sting hits the rat.
The rat is poisoned.
You kill the rat!
You start resting.
Magic restored.
There is a stone staircase leading down here.
You climb downwards.
A gnoll comes into view. It is wielding a +0 halberd.
The gnoll closely misses you.
There is a stone staircase leading up, spattered with blood here.
The bat closely misses you. The gnoll hits you with a +0 halberd!
The gnoll barely misses you.
You climb upwards.
There is a stone staircase leading down here.
The bat closely misses you. The bat hits you. You block the gnoll's attack.
The gnoll hits you from afar with a +0 halberd!
Ouch! That really hurt!
You die...

#.# #..#.#........## #.#
#.##...######.(## #.#
##.###########.... #.#
#..# ###......##
#####.###.######...####..#
#.........#......### ##..
#.......##.g###### ##.
########.......#gb## ##
.......#........@## #
.......>......#### #
..............#
.......#......#
.......#......#
.......#......#
.......######## .......#
########


You could see 2 gnolls and a bat.

Vanquished Creatures
  An adder (D:3)
  An ooze (D:1)
  2 leopard geckos
  4 bats (D:1)
  2 giant cockroaches
  3 hobgoblins
  5 kobolds
  A quokka (D:2)
  4 goblins (D:1)
  4 rats
27 creatures vanquished.

Notes
Turn   | Place    | Note
-------+----------+-------------------------------------------
     0 | D:1      | thiole the Octopode Venom Mage began the quest for the Orb.
     0 | D:1      | Reached XP level 1. HP: 11/11 MP: 3/3
   105 | D:1      | Reached skill level 4 in Poison Magic
   109 | D:1      | Reached XP level 2. HP: 14/17 MP: 0/5
   685 | D:1      | Reached XP level 3. HP: 14/21 MP: 0/6
   700 | D:1      | Reached skill level 5 in Poison Magic
  1043 | D:2      | Found a bloodstained altar of Trog.
  1434 | D:2      | Found a glowing golden altar of the Shining One.
  1562 | D:3      | Reached skill level 1 in Fighting
  1629 | D:2      | Slain by a gnoll

Illustrated notes

Levels and vault maps discovered:
D:1:      evilmike_arrival_crescent, layout_loops_cross
D:2:      layout_rooms, tso_altar, trog_book
D:3:      layout_basic, minmay_box_of_dots

Skill      XL: |  1  2  3 |
---------------+----------+-----
Poison Magic   | 4 5 |  5.0
Fighting       | 1 |  1.2
Dodging        | |  2.0
Stealth        | |  2.6
Shields        | |  0.5
Spellcasting   | |  2.0
Transmutations | |  1.0

Action                   || total
-------------------------++-------
Melee: Unarmed           ||    22
       Constrict         ||     8
       Tentacles         ||     5
 Cast: Sting             ||    49
Armor: Skin              ||     1
Dodge: Dodged            ||    24
Block: Buckler           ||     5
